 Dungeon Sprint DCSS version 0.17-a0-1793-gcbb3aa1 (webtiles) character file.

8994 nuthulu the Fighter (level 11, -3/80 HPs)
             Began as a Gargoyle Berserker on Sept 9, 2015.
             Was a High Priest of Trog.
             Slain by a dire elephant (23 damage)
             ... in the Dungeon (Sprint III: "The Ten Rune Challenge").
             The game lasted 00:09:21 (3367 turns).

nuthulu the Fighter (Gargoyle Berserker)            Turns: 3367, Time: 00:09:22

Health: -3/80      AC: 16    Str: 20    XL:     11   Next: 39%
Magic:  11/11      EV: 18    Int:  9    God:    Trog [*****.]
Gold:   38         SH:  0    Dex: 12    Spells: 0 memorised, 10 levels left

rFire  . . .     SeeInvis .     x - +5 eveningstar (flame)
rCold  . . .     Clarity  .     t - +0 leather armour
rNeg   + . .     SustAt   .     (no shield)
rPois  ∞         Gourm    .     (no helmet)
rElec  +         Spirit   .     (no cloak)
rCorr  .         Warding  .     (no gloves)
rMut   .         NoTele   +     (no boots)
MR     ++...                    (no amulet)
Stlth  +.........               (no ring)
                                (no ring)

@: regenerating, very resistant to hostile enchantments, very unstealthy
A: claws 1, hooves 1, iridescent scales 1, negative energy resistance 1,
electricity resistance, unbreathing, petrification resistance, rot immunity, AC
+7
a: Burn Spellbooks, Berserk, Trog's Hand, Brothers in Arms, Renounce Religion


You were in the Dungeon.
You worshipped Trog.
Trog was extremely pleased with you.
You were not hungry.

You visited 1 branch You collected 38 gold pieces.

Inventory:

Hand weapons
 a - a +0 mace
 v - a +3 great mace of draining
 w - a +4 morningstar of freezing
 x - a +5 eveningstar of flaming (weapon)
Armour
 b - a +0 animal skin
 t - a +0 leather armour (worn)
Scrolls
 i - a scroll of blinking
 m - a scroll of holy word {unknown}
 n - 2 scrolls of identify
 o - a scroll of fear {unknown}
 q - a scroll of immolation {unknown}
Potions
 d - a potion of curing
 f - a potion of haste
 g - 2 potions of magic
 h - a potion of berserk rage
 l - a potion of mutation
 p - 3 potions of cure mutation
 r - a potion of resistance {unknown}
 s - 2 potions of flight
Comestibles
 c - a bread ration
 k - a meat ration
 u - 30 royal jellies


   Skills:
 + Level 14.9 Fighting
 + Level 13.9 Maces & Flails
 + Level 14.7 Armour
 + Level 11.7 Dodging


You had 10 spell levels left.
You didn't know any spells.

Dungeon Overview and Level Annotations

Branches:
Dungeon (1/1)

Altars:
Cheibriados
Dithmenos
Elyvilon
Fedhas
Gozag
Kikubaaqudgha
Makhleb
Nemelex Xobeh
Okawaru
Qazlal
Ru
Sif Muna
Trog
Vehumet
Xom
Yredelemnul
Zin
The Shining One
Jiyva
Lugonu

Annotations:
D Gastronok


Innate Abilities, Weirdness & Mutations

You are resistant to torment.
Your stone body is resilient (AC +7).
You are immune to poison.
You resist negative energy.
You are resistant to electric shocks.
You can survive without breathing.
You are immune to petrification.
You are immune to rotting.
You have sharp fingernails.
You have large cloven feet.
You are partially covered in iridescent scales (AC +4).


Message History

The redback bites you but does no damage.
The redback misses you. The dire elephant closely misses you.
The dire elephant trunk-slaps you but does no damage.
Use which ability?
Your skin crawls.
You feel resistant to hostile enchantments.
You feel slightly more hungry. The redback barely misses you.
The dire elephant barely misses you. x2
Use which ability?
Your deep troll goes berserk!
You feel somewhat more hungry. The redback barely misses you.
The redback misses you. The dire elephant tramples you!!
You hold your ground!
The dire elephant trunk-slaps you but does no damage.
You closely miss the redback. You kick the redback, but do no damage.
The redback bites you!
* * * LOW HITPOINT WARNING * * *
Your deep troll closely misses the redback. x2
Your deep troll barely misses the redback.
The dire elephant tramples you!!
You die...

≈≈≈≈≈.....#...#__#...#....#.#.#.†
≈≈≈.......#)###__#...##)#..#.##)#
..........#...#__#...'##.#.#.##.#
..........#___#_.'...#...#..#..##
▓▓▓▓▓▓▓▓▓▓▓▓▓▓▓▓▓▓▓▓▓▓▓▓▓▓▓▓▓▓▓▓▓
≈≈≈§≈≈≈♣♣.....♣♣♣♣≈≈≈........≈≈≈†
≈≈§§≈.≈♣♣.≈≈≈≈'♣♣'♣≈≈≈≈≈≈≈≈≈≈≈≈♣♣
≈≈§§≈..≈'...).#Y≈♣♣♣♣♣♣♣♣♣♣♣♣♣♣♣♣
.§§≈≈≈≈♣♣♣♣♣♣♣#.@♣ ♣ ≈≈≈§≈.≈♣
###s♣ #'#######♣ T# w..).....♣ ##
#########+


You could see a dire elephant, a redback and a friendly deep troll (berserk).

Vanquished Creatures
  Rupert (D)
  Erolcha (D)
  A spiny frog (D)
  A deep elf priest (D)
  A queen bee (D)
  3 wandering mushrooms (D)
  A komodo dragon (D)
  A fire drake (D)
  5 blink frogs (D)
  A shadow (D)
  A redback (D)
  A trapdoor spider (D)
  A spatial vortex (D)
  2 hill giants (D)
  A swamp drake (D)
  A necrophage (D)
  2 two-headed ogres (D)
  A water elemental (D)
  32 killer bees (D)
  A scorpion (D)
  A jelly (D)
  Jessica (D)
  A wizard (D)
  A kobold demonologist (D)
  3 humans (D)
  A necromancer (D)
  An ooze (D)
  2 rats (D)
70 creatures vanquished.

Vanquished Creatures (collateral kills)
  A spiny frog (D)
  A trapdoor spider (D)
  A two-headed ogre (D)
3 creatures vanquished.

Vanquished Creatures (others)
  2 draconian scorchers (D)
  3 yaktaurs (D)
  An electric eel (D)
  2 plants (D)
8 creatures vanquished.

Grand Total: 81 creatures vanquished

Notes
Turn   | Place    | Note
--------------------------------------------------------------
     0 | D        | nuthulu the Gargoyle Berserker began the quest for the Orb.
     0 | D        | Reached XP level 1. HP: 14/14 MP: 1/1
     7 | D        | Acquired Trog's second power
    29 | D        | Noticed Jessica
    33 | D        | Reached XP level 2. HP: 20/20 MP: 2/2
    39 | D        | Killed Jessica
    39 | D        | Reached skill level 4 in Fighting
    39 | D        | Reached XP level 3. HP: 19/24 MP: 3/3
    71 | D        | Reached skill level 5 in Fighting
    75 | D        | Killed a yaktaur
   105 | D        | Noticed a scorpion
   124 | D        | Killed a scorpion
   124 | D        | Reached skill level 5 in Maces & Flails
   124 | D        | Reached skill level 5 in Armour
   124 | D        | Reached XP level 4. HP: 5/32 MP: 4/4
   128 | D        | Killed a white draconian scorcher
   224 | D        | Killed a white draconian scorcher
   392 | D        | Gained mutation: You are partially covered in iridescent scales (AC +4). [potion of mutation]
   392 | D        | Gained mutation: You have sharp fingernails. [potion of mutation]
   392 | D        | Gained mutation: You have large cloven feet. [potion of mutation]
   406 | D        | Noticed a water elemental
   410 | D        | Killed a water elemental
   410 | D        | Reached skill level 6 in Fighting
   410 | D        | Reached XP level 5. HP: 37/37 MP: 5/5
   552 | D        | Found a radiant altar of Vehumet.
   552 | D        | Found a deep blue altar of Sif Muna.
   552 | D        | Found an ancient bone altar of Kikubaaqudgha.
   552 | D        | Noticed a wizard
   554 | D        | Killed a wizard
   560 | D        | Noticed a blue devil
   561 | D        | Acquired Trog's third power
   561 | D        | Reached skill level 7 in Fighting
   609 | D        | Found a glowing silver altar of Zin.
   609 | D        | Found a glowing golden altar of the Shining One.
   609 | D        | Found a white marble altar of Elyvilon.
   610 | D        | Noticed a deep elf priest
   625 | D        | Killed a deep elf priest
   625 | D        | Reached skill level 8 in Fighting
   625 | D        | Reached XP level 6. HP: 7/45 MP: 6/6
   625 | D        | Reached XP level 7. HP: 7/50 MP: 7/7
   793 | D        | Found a basalt altar of Yredelemnul.
   793 | D        | Found a snail-covered altar of Cheibriados.
   793 | D        | Found a blossoming altar of Fedhas.
   793 | D        | Noticed a necrophage
   793 | D        | Noticed a necromancer
   801 | D        | Killed a necromancer
   808 | D        | Killed a necrophage
   808 | D        | Reached skill level 9 in Fighting
   842 | D        | Found an iron altar of Okawaru.
   843 | D        | Found a bloodstained altar of Trog.
   843 | D        | Noticed a human
   843 | D        | Noticed a human
   869 | D        | Killed a human
   870 | D        | Killed a yaktaur
   875 | D        | Killed a human
  1013 | D        | Noticed a jelly
  1014 | D        | Noticed a shadow
  1022 | D        | Killed a shadow
  1022 | D        | Reached skill level 10 in Fighting
  1022 | D        | Reached XP level 8. HP: 50/57 MP: 8/8
  1025 | D        | Killed a jelly
  1073 | D        | Found a stormy altar of Qazlal.
  1073 | D        | Found a sacrificial altar of Ru.
  1073 | D        | Found a burning altar of Makhleb.
  1073 | D        | Found a shimmering altar of Xom.
  1073 | D        | Noticed a spatial vortex
  1074 | D        | Found a viscous altar of Jiyva.
  1074 | D        | Found a shadowy altar of Dithmenos.
  1074 | D        | Found a sparkling altar of Nemelex Xobeh.
  1074 | D        | Found a corrupted altar of Lugonu.
  1074 | D        | Found an opulent altar of Gozag.
  1234 | D        | Killed an electric eel
  1257 | D        | Noticed a two-headed ogre
  1257 | D        | Noticed a two-headed ogre
  1259 | D        | Noticed a two-headed ogre
  1280 | D        | Killed a two-headed ogre
  1280 | D        | Received a gift from Trog
  1280 | D        | Reached skill level 10 in Armour
  1282 | D        | Killed a two-headed ogre
  1424 | D        | Killed a spatial vortex
  1580 | D        | Killed a yaktaur
  1668 | D        | Noticed a hill giant
  1689 | D        | Killed a hill giant
  1758 | D        | Noticed a hill giant
  1758 | D        | Noticed Erolcha
  1776 | D        | Killed Erolcha
  1776 | D        | Reached skill level 11 in Fighting
  1776 | D        | Reached skill level 10 in Maces & Flails
  1776 | D        | Reached XP level 9. HP: 49/64 MP: 9/9
  1803 | D        | Killed a hill giant
  1856 | D        | Noticed a trapdoor spider
  1860 | D        | Noticed a trapdoor spider
  1860 | D        | Killed a two-headed ogre
  1879 | D        | HP: 2/65 [trapdoor spider (13)]
  1880 | D        | Killed a trapdoor spider
  1887 | D        | Killed a trapdoor spider
  1887 | D        | Reached skill level 12 in Fighting
  2108 | D        | Noticed a redback
  2124 | D        | Killed a redback
  2270 | D        | Noticed a killer bee
  2270 | D        | Noticed a killer bee
  2270 | D        | Noticed a killer bee
  2271 | D        | Noticed a killer bee
  2272 | D        | Noticed a killer bee
  2272 | D        | Noticed a killer bee
  2274 | D        | Noticed a killer bee
  2274 | D        | Noticed a killer bee
  2275 | D        | Noticed a killer bee
  2278 | D        | Noticed a killer bee
  2278 | D        | Noticed a killer bee
  2278 | D        | Killed a killer bee
  2281 | D        | Killed a killer bee
  2283 | D        | Noticed a killer bee
  2284 | D        | Noticed a killer bee
  2286 | D        | Noticed a killer bee
  2287 | D        | Killed a killer bee
  2287 | D        | Received a gift from Trog
  2291 | D        | Noticed a killer bee
  2292 | D        | Noticed a killer bee
  2293 | D        | Killed a killer bee
  2294 | D        | Killed a killer bee
  2295 | D        | Noticed a killer bee
  2297 | D        | Killed a killer bee
  2298 | D        | Noticed a killer bee
  2301 | D        | Killed a killer bee
  2302 | D        | Killed a killer bee
  2304 | D        | Killed a killer bee
  2306 | D        | Noticed a queen bee
  2306 | D        | Noticed a killer bee
  2308 | D        | Killed a killer bee
  2309 | D        | Noticed a killer bee
  2309 | D        | Killed a killer bee
  2311 | D        | Noticed a killer bee
  2312 | D        | Noticed a killer bee
  2312 | D        | Killed a killer bee
  2312 | D        | Received a gift from Trog
  2318 | D        | Killed a killer bee
  2318 | D        | Reached XP level 10. HP: 62/72 MP: 10/10
  2319 | D        | Killed a killer bee
  2320 | D        | Noticed a killer bee
  2322 | D        | Noticed a killer bee
  2323 | D        | Noticed a killer bee
  2324 | D        | Noticed a killer bee
  2327 | D        | Killed a killer bee
  2334 | D        | Killed a killer bee
  2336 | D        | Noticed a killer bee
  2336 | D        | Noticed a killer bee
  2336 | D        | Killed a killer bee
  2341 | D        | Noticed a killer bee
  2341 | D        | Noticed a killer bee
  2343 | D        | Killed a killer bee
  2347 | D        | Killed a killer bee
  2347 | D        | Received a gift from Trog
  2352 | D        | Killed a killer bee
  2354 | D        | Killed a killer bee
  2355 | D        | Noticed a killer bee
  2357 | D        | Noticed a killer bee
  2359 | D        | Killed a killer bee
  2361 | D        | Killed a killer bee
  2361 | D        | Reached skill level 10 in Dodging
  2362 | D        | Killed a killer bee
  2367 | D        | Killed a killer bee
  2368 | D        | Killed a killer bee
  2368 | D        | Received a gift from Trog
  2370 | D        | Killed a killer bee
  2371 | D        | Killed a killer bee
  2372 | D        | Killed a killer bee
  2380 | D        | Killed a killer bee
  2380 | D        | Reached skill level 13 in Fighting
  2384 | D        | Killed a killer bee
  2385 | D        | Killed a killer bee
  2385 | D        | Received a gift from Trog
  2396 | D        | Killed a queen bee
  2517 | D        | Noticed a wandering mushroom
  2522 | D        | Noticed a wandering mushroom
  2524 | D        | Noticed a wandering mushroom
  2533 | D        | Killed a wandering mushroom
  2538 | D        | Killed a wandering mushroom
  2542 | D        | Killed a wandering mushroom
  2562 | D        | Noticed a spiny frog
  2562 | D        | Noticed a komodo dragon
  2562 | D        | Noticed a spiny frog
  2574 | D        | Killed a spiny frog
  2587 | D        | Killed a spiny frog
  2589 | D        | Killed a komodo dragon
  2745 | D        | Noticed a swamp drake
  2745 | D        | Noticed a fire drake
  2758 | D        | Killed a swamp drake
  2765 | D        | Killed a fire drake
  2831 | D        | Noticed a blink frog
  2831 | D        | Noticed a blink frog
  2832 | D        | Noticed a blink frog
  2833 | D        | Noticed a blink frog
  2834 | D        | Noticed a blink frog
  2843 | D        | Killed a blink frog
  2843 | D        | Reached skill level 14 in Fighting
  2850 | D        | Killed a blink frog
  2850 | D        | Received a gift from Trog
  2855 | D        | Killed a blink frog
  2855 | D        | Reached XP level 11. HP: 26/80 MP: 11/11
  2862 | D        | Killed a blink frog
  2865 | D        | Killed a blink frog
  3063 | D        | Noticed Rupert
  3067 | D        | Paralysed by Rupert for 4 turns
  3086 | D        | Killed Rupert
  3342 | D        | Noticed an azure jelly
  3342 | D        | Noticed an azure jelly
  3342 | D        | Noticed an azure jelly
  3342 | D        | Noticed an azure jelly
  3343 | D        | Noticed an elephant
  3343 | D        | Noticed an elephant
  3343 | D        | Noticed a dire elephant
  3343 | D        | Noticed a dire elephant
  3343 | D        | Noticed Gastronok
  3362 | D        | Noticed a redback
  3367 | D        | Slain by a dire elephant

Vault maps used:
D:        dungeon_sprint_mu

Action                   |  1- 3 |  4- 6 |  7- 9 | 10-12 || total
-------------------------+-------+-------+-------+-------++-------
Melee: Mace              |    30 |    22 |   174 |       ||   226
       Great mace        |       |       |    23 |       ||    23
       Morningstar       |       |       |     4 |    25 ||    29
       Eveningstar       |       |       |       |   112 ||   112
Throw: Throwing net      |       |       |       |     1 ||     1
Invok: Trog's Hand       |     1 |     1 |     5 |     4 ||    11
       Berserk           |     1 |     3 |     2 |       ||     6
       Burn Spellbooks   |       |     1 |       |       ||     1
       Brothers in Arms  |       |       |     3 |     2 ||     5
  Use: Potion            |       |     1 |     1 |     1 ||     3
       Scroll            |       |     1 |       |       ||     1
 Stab: Held in net/web   |       |       |       |     1 ||     1
  Eat: Chunk             |       |     2 |     5 |       ||     7
       Bread ration      |       |       |     1 |       ||     1
       Meat ration       |       |       |       |     1 ||     1
